 Dungeon Crawl Stone Soup version 0.31-a0-430-gf8416d752b (webtiles) character file.

Game seed: 15105615956708664287

5991 AdnanSaban the Basher (level 10, -5/63 HPs)
             Began as a Gargoyle Fighter on July 31, 2023.
             Slain by Sonja
             ... wielding a +0 short sword of distortion
              (12 damage)
             ... on level 10 of the Dungeon.
             The game lasted 00:14:39 (9436 turns).

AdnanSaban the Basher (Gargoyle Fighter)            Turns: 9436, Time: 00:14:40

Health: -5/63      AC: 22    Str: 23    XL:     10   Next: 85%
Magic:  0/19       EV:  6    Int: 12    God:
Gold:   492        SH: 10    Dex:  9    Spells: 9/9 levels left

rFire   . . .        w - +5 flail of the Wraith {vamp, rC+ MP+9 Int+2}
rCold   + . .        C - +1 kite shield "Pailanif" {Rampage Will+}
rNeg    + . .        J - +0 plate armour
rPois   ∞            (no helmet)
rElec   +            F - +0 cloak
rCorr   .            (no gloves)
SInv    .            (no boots)
Will    +....        z - amulet of guardian spirit Stlth
                     (no ring)
HPRegen 0.30/turn    (no ring)
MPRegen 0.16/turn

%: guardian spirit, rampage
@: no status effects
A: sickness immunity, AC +7, negative energy resistance 1, electricity
resistance, torment resistance 1, petrification resistance
a: no special abilities


You were on level 10 of the Dungeon.
You visited 2 branches of the dungeon, and saw 11 of its levels.
You visited the Abyss 1 time.

You collected 492 gold pieces.

Inventory:

Hand Weapons
 w - the +5 flail of the Wraith (weapon) {vamp, rC+ MP+9 Int+2}
   (You found it on level 4 of the Dungeon)

   Int:       It affects your intelligence (+2).
   rC:        It protects you from cold.
   MP:        It affects your magic capacity (+9).
Missiles
 h - 14 javelins
 j - 53 stones (quivered)
 v - 2 throwing nets
 A - 7 poisoned darts
 B - 7 boomerangs
Armour
 r - a +2 scale mail of fire resistance
 C - the +1 kite shield "Pailanif" (worn) {Rampage Will+}
   (You found it on level 6 of the Dungeon)

   Rampage:   It bestows one free step when moving towards enemies.
   Will:      It increases your willpower.
 F - a +0 cloak (worn)
 J - a +0 plate armour (worn)
Jewellery
 z - an amulet of guardian spirit (around neck)
Wands
 b - a wand of paralysis (19)
 u - a wand of flame (42)
 H - a wand of mindburst (10)
Scrolls
 c - a scroll of immolation {unknown}
 e - 2 scrolls of poison {unknown}
 f - 3 scrolls of amnesia {unknown}
 g - 2 scrolls of enchant weapon {unknown}
 i - 5 scrolls of fear {unknown}
 k - 7 scrolls of identify {unknown}
 p - a scroll of enchant armour {unknown}
 q - 2 scrolls of fog {unknown}
 t - 7 scrolls of teleportation {unknown}
 y - a scroll of noise {unknown}
 E - 2 scrolls of blinking {unknown}
Potions
 a - 2 potions of brilliance {unknown}
 d - a potion of might
 l - a potion of lignification {unknown}
 m - 3 potions of mutation {unknown}
 n - 3 potions of heal wounds {unknown}
 o - a potion of curing {unknown}
 s - a potion of berserk rage {unknown}
 x - a potion of magic {unknown}
 D - a potion of resistance {unknown}
 G - 2 potions of invisibility {unknown}
 I - 2 potions of haste
 K - a potion of enlightenment {unknown}


   Skills:
 + Level 7.2 Fighting
 + Level 11.0 Maces & Flails
 + Level 2.2 Throwing
 + Level 7.7 Armour
 + Level 3.3 Dodging
 + Level 1.1 Stealth
 + Level 7.5 Shields


You had 9 spell levels left.
You didn't know any spells.
Your spell library contained the following spells:

 Spells                   Type           Power      Damage    Failure   Level
 Magic Dart               Conj           0%         1d3       100%        1
 Sandblast                Erth           0%         2d4       100%        1
 Call Imp                 Summ           0%         N/A       100%        2
 Ensorcelled Hibernation  Hex/Ice        0%         N/A       100%        2
 Passwall                 Tmut/Erth      0%         N/A       100%        2
 Poisonous Vapours        Pois/Air       0%         N/A       100%        2
 Searing Ray              Conj           0%         2d4       100%        2
 Mephitic Cloud           Conj/Pois/Air  0%         N/A       100%        3
 Portal Projectile        Hex/Tloc       0%         N/A       100%        3
 Stone Arrow              Conj/Erth      0%         3d7       100%        3
 Swiftness                Air            0%         N/A       100%        3
 Tukima's Dance           Hex            0%         N/A       100%        3
 Fulminant Prism          Conj/Hex       0%         3d5       100%        4
 Iskenderun's Mystic Bla  Conj/Tloc      0%         2d3       100%        4
 Passage of Golubria      Tloc           0%         N/A       100%        4
 Freezing Cloud           Conj/Ice/Air   0%         6-21      100%        5
 Iskenderun's Battlesphe  Conj           0%         2d6       100%        5
 Yara's Violent Unravell  Hex/Tmut       0%         3d3       100%        5
 Leda's Unmaking          Conj/Erth      0%         9d1       100%        6
 Spellforged Servitor     Conj/Summ      0%         N/A       100%        7


Dungeon Overview and Level Annotations

Branches:
Dungeon (10/15)            Temple (1/1) D:5            Lair (0/5) D:8
    Orc (0/2) D:9

Altars:
Ashenzari
Cheibriados
Dithmenos
Fedhas
Gozag
Hepliaklqana
Kikubaaqudgha
Makhleb
Nemelex Xobeh
Okawaru
Qazlal
Ru
Sif Muna
Trog
Uskayaw
Vehumet
Wu Jian
Xom
Yredelemnul
Zin
The Shining One

Annotations:
D:10 Harold, Sonja


Innate Abilities, Weirdness & Mutations

You are immune to sickness and miasma.
Your stone body is resilient. (AC +7)
You are immune to poison.
You resist negative energy. (rN+)
You are resistant to electric shocks. (rElec)
You are resistant to unholy torment.
You are immune to petrification.


Message History

Harold fires a harpoon shot at you. The harpoon shot hits you!
You are yanked forward by the harpoon shot.
The gargoyle hurls a stone arrow at you.
The stone arrow hits you!!
* * * LOW HITPOINT WARNING * * *
You block the troll's attack. The troll barely misses you.
You block the troll's attack.
Harold throws a throwing net.
The throwing net barely misses you. The gargoyle hits you with a +0 mace.
* * * LOW HITPOINT WARNING * * *
The troll bites you!
* * * LOW HITPOINT WARNING * * *
The troll claws you but does no damage. The troll claws you.
* * * LOW HITPOINT WARNING * * *
You block the gargoyle's attack.
Unknown command.
The gargoyle attacks as you move away! The gargoyle barely misses you.
The troll attacks as you move away! The troll barely misses you.
You block the troll's attack. x2
The troll attacks as you move away! The troll barely misses you.
You block the troll's attack. x2
The gargoyle hurls a stone arrow at you.
You block the stone arrow. The troll attacks as you move away!
The troll closely misses you.
The troll claws you but does no damage. x2
The troll attacks as you move away! The troll bites you but does no damage.
You block the troll's attack. The troll claws you but does no damage.
Harold thinks, and says "Perhaps I'll take up writing after I'm done here..."
Sonja, the Graceful Assassin comes into view.
She is wielding a +0 short sword of distortion and quivering curare-tipped darts.
Sonja shouts!
The troll attacks as you move away! You block the troll's attack.
The troll claws you but does no damage. x2; Sonja throws a curare-tipped dart.
The curare-tipped dart hits you. The troll attacks as you move away!
You block the troll's attack. The troll barely misses you.
You block the troll's attack.
Sonja bows elegantly.
Sonja mumbles some strange words.
Sonja blinks!
Sonja hits you but does no damage. Space warps horribly around you!
You die...

... #.. # #...
.#
#...#######.#
#...§...K...#
##.......@...#
.............#
######.T....#
+.@....#
#......#
#.9....#
#......#
+......#
#......#


You could see Harold, a troll, Sonja and a gargoyle.

Vanquished Creatures
  A two-headed ogre (D:8)
  Joseph (D:8)
  Maurice (D:8)
  Grinder (D:4)
  3 yaks (D:9)
  4 steam dragons
  3 orc warriors
  Duvessa (D:7)
  A swamp drake (D:9)
  An ice beast (D:8)
  3 black bears (D:7)
  A sky beast (D:8)
  3 ogres
  2 centaurs
  A bullfrog (D:6)
  A scorpion (D:5)
  12 wights
  Dowan (D:7)
  7 killer bees
  2 hounds
  A gnoll bouda (D:8)
  3 jellies
  5 orc priests
  4 iguanas
  Ijyb (D:2)
  5 sleepcaps
  7 orc wizards
  A mummy (D:3)
  11 gnolls
  11 adders
  A white imp (D:6)
  3 ufetubi
  2 worms
  2 dart slugs (D:1)
  32 orcs
  8 endoplasms
  3 giant cockroaches
  21 goblins
  18 hobgoblins
  6 jackals (D:2)
  2 quokkas
  8 ball pythons
  9 bats
  3 frilled lizards
  9 kobolds
  5 rats
231 creatures vanquished.

Vanquished Creatures (others)
  2 orcs (D:9)
2 creatures vanquished.

Grand Total: 233 creatures vanquished

Notes
Turn   | Place    | Note
-------+----------+-------------------------------------------
     0 | D:1      | AdnanSaban the Gargoyle Fighter began the quest for the
                  | Orb.
     0 | D:1      | Reached XP level 1. HP: 14/14 MP: 1/1
   126 | D:1      | Reached XP level 2. HP: 19/19 MP: 2/2
   476 | D:1      | Reached XP level 3. HP: 21/24 MP: 3/3
  1117 | D:2      | Reached skill level 3 in Maces & Flails
  1117 | D:2      | Reached XP level 4. HP: 27/29 MP: 4/4
  1208 | D:2      | Found a faded altar of an unknown god.
  1265 | D:2      | Noticed a golden eye
  1549 | D:2      | Noticed a great orb of eyes
  1554 | D:2      | Noticed a golden eye
  1554 | D:2      | Noticed an eye of devastation
  1681 | D:3      | Found a snail-covered altar of Cheibriados.
  1837 | D:3      | Noticed Ijyb
  1844 | D:3      | Paralysed by Ijyb for 2 turns
  1849 | D:2      | Paralysed by Ijyb for 3 turns
  1854 | D:2      | Paralysed by Ijyb for 2 turns
  1859 | D:2      | Paralysed by Ijyb for 5 turns
  1872 | D:2      | Paralysed by Ijyb for 5 turns
  1878 | D:2      | Paralysed by Ijyb for 3 turns
  1894 | D:2      | Paralysed by Ijyb for 4 turns
  1901 | D:2      | Paralysed by Ijyb for 5 turns
  1907 | D:2      | Killed Ijyb
  1908 | D:2      | Reached XP level 5. HP: 25/33 MP: 5/5
  2133 | D:3      | Reached skill level 4 in Maces & Flails
  2801 | D:4      | Reached XP level 6. HP: 35/38 MP: 6/6
  2832 | D:4      | Reached skill level 1 in Dodging
  2973 | D:4      | Noticed Grinder
  3081 | D:4      | Paralysed by Grinder for 4 turns
  3097 | D:4      | Paralysed by Grinder for 3 turns
  3105 | D:4      | Killed Grinder
  3106 | D:4      | Reached skill level 5 in Maces & Flails
  3106 | D:4      | Reached XP level 7. HP: 17/44 MP: 7/7
  3692 | D:4      | Identified the +5 flail of the Wraith {vamp, rC+ MP+9
                  | Int+2}
  3833 | D:5      | Entered Level 5 of the Dungeon
  3857 | D:5      | Found an ancient bone altar of Kikubaaqudgha.
  4047 | D:5      | Found a staircase to the Ecumenical Temple.
  4060 | D:5      | Reached skill level 6 in Maces & Flails
  4098 | D:5      | Reached skill level 5 in Fighting
  4098 | D:5      | Reached XP level 8. HP: 49/49 MP: 8/8
  4100 | Temple   | Entered the Ecumenical Temple
  4302 | D:5      | Reached skill level 5 in Armour
  4838 | D:6      | Reached skill level 7 in Maces & Flails
  5002 | D:6      | Identified the +1 kite shield "Pailanif" {Rampage Will+}
  5183 | D:6      | Found a shimmering blue altar of Sif Muna.
  5402 | D:5      | Reached skill level 8 in Maces & Flails
  5402 | D:5      | Reached skill level 1 in Stealth
  5632 | D:5      | Reached skill level 5 in Shields
  5632 | D:5      | Reached XP level 9. HP: 32/55 MP: 9/9
  6300 | D:7      | Noticed Dowan
  6301 | D:7      | Noticed Duvessa
  6340 | D:7      | Killed Duvessa
  6344 | D:7      | Killed Dowan
  6418 | D:7      | Found an ornate altar of the Wu Jian Council.
  6485 | D:7      | Reached skill level 9 in Maces & Flails
  6781 | D:8      | Identified the +9 short sword of Cyrele {venom, rElec
                  | Will+}
  6782 | D:8      | Noticed Joseph
  6782 | D:8      | Noticed a two-headed ogre
  6890 | D:8      | Found a shimmering altar of Xom.
  7233 | D:8      | Killed Joseph
  7358 | D:8      | Reached skill level 1 in Throwing
  7358 | D:8      | Reached XP level 10. HP: 61/61 MP: 10/10
  7493 | D:8      | Noticed Maurice
  7547 | D:8      | Paralysed by something for 4 turns
  7554 | D:8      | Paralysed by something for 4 turns
  7588 | D:8      | Paralysed by something for 5 turns
  7603 | D:8      | Killed Maurice
  7604 | D:8      | Reached skill level 10 in Maces & Flails
  7648 | D:8      | Found an iron altar of Okawaru.
  7932 | D:8      | Found a staircase to the Lair.
  7937 | D:8      | Noticed a two-headed ogre
  7944 | D:8      | Killed a two-headed ogre
  8933 | D:9      | Found a staircase to the Orcish Mines.
  8936 | Abyss:1  | Found a corrupted altar of Lugonu.
  8936 | Abyss:1  | Cast into level 1 of the Abyss (orc warrior)
  8982 | Abyss:1  | Found a corrupted altar of Lugonu.
  8989 | D:9      | Escaped the Abyss
  9190 | D:9      | Reached skill level 11 in Maces & Flails
  9414 | D:10     | Entered Level 10 of the Dungeon
  9414 | D:10     | Noticed Harold
  9414 | D:10     | Noticed a gargoyle
  9418 | D:10     | HP: 2/63 [troll (3)]
  9433 | D:10     | Noticed Sonja
  9436 | D:10     | Slain by Sonja

Illustrated notes

Levels and vault maps discovered:
D:1:      dpeg_arrival_rhombi, layout_loops_corners
D:2:      layout_rooms, hellmonk_ecumenical_altar_watching_god
D:3:      cheibrodos_greedy_goblins, layout_basic, slow_altar_2,
          palyth_stone_intersect, uniq_ijyb
D:4:      layout_cave_pools, chequers_arboretum, corexii_leaking_fountain,
          uniq_grinder
D:5:      layout_basic, lemuel_round_altar, minmay_temple_entry_mist,
          hellmonk_no_cap
D:6:      layout_loops_corners, mainiacjoe_overflow_surrounded_room
D:7:      layout_basic, mainiacjoe_overflow_chevrons, nicolae_the_louvre,
          uniq_duvessa
D:8:      layout_loops_corners, lemuel_tele_altar, general_overflow_altar,
          lair_entry_dummy, hangedman_decor_points, uniq_maurice, uniq_joseph
D:9:      layout_roguey, erik_orc_1
D:10:     layout_stronghold, mainiacjoe_overflow_tiny_flanked,
          hellmonk_ghost_happy_afterlife, minmay_guarded_unrand_resistance,
          uniq_sonja, uniq_fannar, uniq_harold, uniq_josephine
Temple:   regret_index_temple_generic_petals

Skill      XL: |  1  2  3  4  5  6  7  8  9 10 |
---------------+-------------------------------+-----
Maces & Flails | 3 4 5 6 8 9 11 | 11.0
Armour         | 4 5 7 |  7.7
Fighting       | 4 5 6 7 |  7.2
Dodging        | 1 2 3 |  3.3
Shields        | 4 5 6 7 |  7.5
Stealth        | 1 |  1.1
Throwing       | 1 2 |  2.2

Action                     |  1- 3 |  4- 6 |  7- 9 | 10-12 || total
---------------------------+-------+-------+-------+-------++-------
  Melee: Flail             |   119 |   266 |   338 |   235 ||   958
  Throw: Stone             |       |     7 |     7 |    14 ||    28
         Dart              |       |       |     7 |       ||     7
 Armour: Scale mail        |    77 |   129 |   215 |    94 ||   515
         Chain mail        |       |    29 |       |       ||    29
         Plate armour      |       |       |       |    16 ||    16
  Dodge: Dodged            |    75 |   149 |   172 |    78 ||   474
  Block: Buckler           |    41 |    48 |    55 |       ||   144
         Kite shield       |       |       |   101 |   124 ||   225

Table legend: (Time is in decaauts)
 A = Elapsed time spent in this place.
 B = Non-inter-level travel time spent in this place.
 C = Inter-level travel time spent in this place.
 D = Time resting spent in this place.
 E = Time spent auto-exploring this place.
 F = Levels seen in this place.
 G = Mean time per level.
                   A        B        C        D        E       F      G
               +--------+--------+--------+--------+--------+-----+--------+
         Total |   9588 |   8760 |    828 |    469 |   5951 |  12 |  799.0 |
       Dungeon |   9533 |   8705 |    828 |    469 |   5918 |  10 |  953.3 |
        Temple |      1 |      1 |      0 |      0 |      0 |   1 |    1.0 |
         Abyss |     52 |     52 |      0 |      0 |     33 |   1 |   52.0 |
               +--------+--------+--------+--------+--------+-----+--------+

Top non-repeatable levels by time:
     D:8: 1496 daAuts
     D:3: 1332 daAuts
     D:6: 1239 daAuts
     D:5: 1142 daAuts
     D:1: 1112 daAuts
     D:9: 860 daAuts
     D:7: 829 daAuts
     D:4: 816 daAuts
     D:2: 682 daAuts
 Abyss:1: 52 daAuts
    D:10: 21 daAuts
  Temple: 1 daAuts
